 Dungeon Crawl Stone Soup version 0.17-a0-1984-g55f5988 (webtiles) character file.

116 Ordine the Magician (level 4, -8/24 HPs)
             Began as a Deep Elf Wizard on Oct 6, 2015.
             Mangled by an ice beast (10 damage)
             ... on level 3 of the Dungeon.
             The game lasted 00:18:57 (2519 turns).

Ordine the Magician (Deep Elf Wizard)               Turns: 2519, Time: 00:18:58

Health: -8/24      AC:  2    Str:  4    XL:     4   Next: 70%
Magic:  6/13       EV: 13    Int: 24    God:
Gold:   142        SH:  0    Dex: 13    Spells: 5 memorised, 2 levels left

rFire  . . .     SeeInvis .     f - +0 dagger
rCold  . . .     Clarity  .     a - +0 robe
rNeg   . . .     SustAt   .     (no shield)
rPois  .         Gourm    +     b - +0 hat
rElec  .         Spirit   .     (no cloak)
rCorr  .         Warding  .     (no gloves)
rMut   .         Stasis   .     (no boots)
MR     .....                    i - amulet of the gourmand
Stlth  ++........               (no ring)
                                (no ring)

@: very slightly contaminated, not resistant to hostile enchantments, unstealthy
A: no striking features
a: no special abilities


You were on level 3 of the Dungeon.
You were full.

You visited 1 branch of the dungeon, and saw 4 of its levels.

You collected 142 gold pieces.

Inventory:

Hand Weapons
 f - a +0 dagger (weapon)
Armour
 a - a +0 robe (worn)
 b - a +0 hat (worn)
Jewellery
 i - an amulet of the gourmand (around neck)
Wands
 q - a wand of magic darts (13)
Scrolls
 h - a scroll of remove curse
 m - a scroll of fear
 n - a scroll of fog
 p - a scroll of teleportation {unknown}
Potions
 e - a potion of lignification {unknown}
 g - 2 potions of agility
 j - 2 potions of invisibility {unknown}
 k - a potion of heal wounds {unknown}
 l - a potion of might {unknown}
Books
 c - a book of Minor Magic

   Spells                             Type                      Level
   a - Magic Dart                     Conjuration                  1
   b - Blink                          Translocation                2
   c - Call Imp                       Summoning                    2
   d - Repel Missiles                 Charms/Air                   2
   e - Slow                           Hexes                        2
   f - Conjure Flame                  Conjuration/Fire             3
   g - Mephitic Cloud                 Conjuration/Poison/Air       3
Comestibles
 d - 4 bread rations
 o - 4 fruits


   Skills:
 - Level 0.2 Fighting
 + Level 2.7 Dodging
 - Level 2.4 Stealth
 * Level 5.4 Spellcasting
 - Level 4.0 Conjurations
   Level 1.1 Summonings
 - Level 1.1 Translocations
 - Level 0.4 Fire Magic


You had 2 spell levels left.
You knew the following spells:

 Your Spells              Type           Power        Failure   Level  Hunger
a - Magic Dart            Conj           ####         1%          1    None
b - Blink                 Tloc           N/A          12%         2    None
c - Repel Missiles        Chrm/Air       #.....       14%         2    None
d - Mephitic Cloud        Conj/Pois/Air  ##......     17%         3    ##.....
e - Conjure Flame         Conj/Fire      ###.....     12%         3    ##.....


Dungeon Overview and Level Annotations

Branches:
Dungeon (4/15)
 Temple: D:4-7

Altars:


Message History

Casting: Blink
Confirm with . or Enter, or press ? or * to list all spells.
You miscast Blink.
You are very lightly contaminated with residual magic.
Nothing appears to happen.
The ice beast hits you. The ice beast freezes you.
* * * LOW HITPOINT WARNING * * *
Casting: Blink
Confirm with . or Enter, or press ? or * to list all spells.
You blink.
Casting: Blink
Confirm with . or Enter, or press ? or * to list all spells.
You blink.
Casting: Blink
Confirm with . or Enter, or press ? or * to list all spells.
You miscast Blink.
The floor and the ceiling briefly switch places.
The ice beast hits you.
* * * LOW HITPOINT WARNING * * *
The ice beast freezes you!
You die...

##..#########.##..#
#............##..#
##.####......##..#
#.#ยง....#.......#
#.#.##......##.##
#.#.##......##.#
#.#.####.##.##.#
#..Y.....##.##.#
###@#######.##.#
################.######...#.#
...................Y........#
################.######...###
#.# ##.## ################.#
#.# #................# #.#
......############ #.#
#.###.# #.#


You could see an ice beast.

Vanquished Creatures
  Ijyb (D:2)
  3 adders
  3 worms
  A giant gecko (D:2)
  2 orcs (D:3)
  13 bats
  3 goblins
  9 hobgoblins
  3 jackals (D:1)
  3 quokkas
  A ball python (D:2)
  4 giant newts
  4 kobolds
  3 rats
53 creatures vanquished.

Notes
Turn   | Place    | Note
--------------------------------------------------------------
     0 | D:1      | Ordine the Deep Elf Wizard began the quest for the Orb.
     0 | D:1      | Reached XP level 1. HP: 10/10 MP: 7/7
   244 | D:1      | Reached XP level 2. HP: 15/15 MP: 6/9
   263 | D:1      | Learned a level 2 spell: Blink
   266 | D:1      | Learned a level 2 spell: Repel Missiles
  1183 | D:2      | Noticed Ijyb
  1214 | D:2      | Killed Ijyb
  1214 | D:2      | Reached XP level 3. HP: 10/19 MP: 0/11
  1361 | D:2      | Reached XP level 4. HP: 17/24 MP: 2/12
  1366 | D:2      | Learned a level 3 spell: Mephitic Cloud
  1370 | D:2      | Learned a level 3 spell: Conjure Flame
  2046 | D:3      | Reached skill level 5 in Spellcasting
  2305 | D:3      | Noticed an ice beast
  2506 | D:4      | Noticed a slave
  2519 | D:3      | Mangled by an ice beast

Vault maps used:
D:1:      dpeg_arrival_tiny_a, due_unseen_surprise
D:2:      uniq_iyjb
D:4:      minmay_temple_entry_enclosed_plants, hangedman_ru_absence,
          uniq_menkaure, uniq_pikel, uniq_edmund

Action                   |  1- 3 |  4- 6 || total
-------------------------+-------+-------++-------
Melee: Spear             |    22 |       ||    22
       Dagger            |       |     3 ||     3
 Cast: Magic Dart        |    64 |    60 ||   124
       Blink             |    33 |     5 ||    38
       Conjure Flame     |       |     2 ||     2
       Mephitic Cloud    |       |     1 ||     1
  Use: Scroll            |       |     4 ||     4
  Eat: Chunk             |     1 |     8 ||     9
